 Dungeon Crawl Stone Soup version 0.28-a0-779-g3d1f99b579 (webtiles) character file.

Game seed: 13233087084969614511

712 kae the Chopper (level 7, 0/93 HPs)
             Began as a Hill Orc Cinder Acolyte on Nov 2, 2021.
             Was a High Priest of Ignis.
             Slain by Duvessa (4 damage)
             ... on level 4 of the Dungeon.
             The game lasted 00:03:00 (6049 turns).

kae the Chopper (Hill Orc Cinder Acolyte)           Turns: 6049, Time: 00:03:01

Health: 0/93       AC: 23    Str: 19    XL:     7   Next: 68%
Magic:  6/11       EV:  2    Int: 14    God:    Ignis [*****.]
Gold:   200        SH:  0    Dex:  6    Spells: 9/11 levels left

rFire   + . .      SeeInvis .   a - +0 hand axe (flame)
rCold   . . .      Faith    .   (no shield)
rNeg    . . .      Spirit   .   (armour currently unavailable)
rPois   +          Reflect  .   (helmet currently unavailable)
rElec   .          Harm     .   (cloak currently unavailable)
rCorr   .          Rampage  .   (gloves currently unavailable)
Will    .....      NoTele   +   (boots currently unavailable)
Stlth   +.........              i - amulet of the acrobat
HPRegen 0.25/turn               (no ring)
MPRegen 0.12/turn               (no ring)

@: mighty, lethally poisoned (0 -> -8), tree-form
A: stationary, stasis, torment immunity, boosted hp
a: Renounce Religion, Sea of Fire, Foxfire Swarm, Rising Flame


You were on level 4 of the Dungeon.
You worshipped Ignis.
Ignis was extremely pleased with you.
You were a tree.
You visited 1 branch of the dungeon, and saw 5 of its levels.

You collected 200 gold pieces.

Inventory:

Hand Weapons
 a - a +0 hand axe of flaming (weapon)
Armour
 d - a +1 pair of boots (melded)
 k - a +2 robe of cold resistance (melded)
Jewellery
 b - a +6 ring of dexterity
 h - a ring of willpower
 i - an amulet of the acrobat (around neck)
Scrolls
 c - 2 scrolls of enchant armour
 f - 3 scrolls of identify
 l - a scroll of amnesia
 m - 3 scrolls of fear {unknown}
 n - a scroll of noise {unknown}
Potions
 e - 4 potions of flight
 j - a potion of mutation
 p - a potion of lignification


   Skills:
 + Level 5.6 Fighting
 * Level 7.9 Axes
 + Level 2.8 Spellcasting
 + Level 5.1 Fire Magic


You had 9 spell levels left.
You knew the following spells:

 Your Spells              Type           Power      Damage    Failure   Level
a - Scorch                Fire           32%        2d6       4%          2

Your spell library contained the following spells:

 Spells                   Type           Power      Damage    Failure   Level
 Corpse Rot               Necr/Air       2%         N/A       32%         2
 Ensorcelled Hibernation  Hex/Ice        2%         N/A       32%         2
 Spider Form              Tmut/Pois      1%         N/A       54%         3
 Tukima's Dance           Hex            1%         N/A       54%         3
 Dispel Undead            Necr           1%         3d6       91%         4
 Death Channel            Necr           0%         N/A       100%        6


Dungeon Overview and Level Annotations

Branches:
Dungeon (5/15)
 Temple: D:4-7

Altars:
Dithmenos
Sif Muna

Annotations:
D:4 2 transporters, Dowan, Duvessa


Message History

Duvessa hits you with a +1 short sword of venom.
Dowan hits you but does no damage.
You closely miss Duvessa.
Duvessa is heavily wounded.
You closely miss Dowan.
You feel sick.
Duvessa hits you with a +1 short sword of venom!
Duvessa says, "When magic and the sword combine, nothing stands against them."
Duvessa closely misses you. Dowan barely misses you.
You slash Duvessa! You burn Duvessa.
Duvessa is severely wounded.
You barely miss Dowan.
You feel sick.
Duvessa hits you with a +1 short sword of venom.
You are more poisoned.
You hit Duvessa but do no damage.
Duvessa is severely wounded.
You closely miss Dowan.
You feel very sick. Dowan barely misses you.
Duvessa hits you with a +1 short sword of venom!
* * * LOW HITPOINT WARNING * * *
You feel better.
Duvessa hits you with a +1 short sword of venom!
* * * LOW HITPOINT WARNING * * *
You are lethally poisoned!
Dowan hits you with a +0 dagger.
* * * LOW HITPOINT WARNING * * *
Duvessa barely misses you.
It was a potion of might.
You feel very mighty all of a sudden.
* * * LOW HITPOINT WARNING * * *
You feel very sick. Dowan hits you but does no damage.
Duvessa barely misses you.
It was a potion of lignification.
You turn into a tree.
Your +1 pair of boots melds into your body.
Your +2 robe of cold resistance melds into your body.
You feel less resistant to cold.
Your roots penetrate the ground.
* * * LOW HITPOINT WARNING * * *
You feel sick.
Duvessa hits you with a +1 short sword of venom.
You die...

##.........#
##.........#
......###########
......##........#
...##.##........#
....#.##........##
.......#.........#
.......#.........#
.......'.......e♣#
.###.(.#.......e##
.##.............# ###
.#.......#.#..#####.#
.'.......#.#........###
##.......#.#..........#
#...#####.#.######.#.#
#...#####.#### #..#.#
#...#........# #..#.###


You could see Duvessa (fast) and Dowan.

Vanquished Creatures
  2 water moccasins (D:5)
  An ogre (D:5)
  A scorpion (D:3)
  A gnoll sergeant (D:4)
  A water moccasin skeleton (D:5)
  A jelly (D:5)
  Jessica (D:3)
  An iguana (D:5)
  5 gnolls
  4 adders
  A white imp (D:5)
  An ufetubus (D:5)
  An adder skeleton (D:4)
  A worm (D:2)
  2 dart slugs
  4 bats (D:1)
  4 endoplasms
  4 giant cockroaches
  4 goblins
  5 hobgoblins
  6 jackals
  2 kobolds (D:2)
  2 quokkas
  9 ball pythons
  A frilled lizard (D:1)
  5 rats
70 creatures vanquished.

Notes
Turn   | Place    | Note
-------+----------+-------------------------------------------
     0 | D:1      | kae the Hill Orc Cinder Acolyte began the quest for the
                  | Orb.
     0 | D:1      | Reached XP level 1. HP: 19/19 MP: 2/2
    98 | D:1      | Reached XP level 2. HP: 25/27 MP: 3/3
   300 | D:1      | Learned a level 2 spell: Scorch
   699 | D:1      | Reached XP level 3. HP: 33/33 MP: 1/4
  1684 | D:2      | Reached skill level 5 in Axes
  1781 | D:2      | Reached XP level 4. HP: 34/40 MP: 3/6
  2659 | D:3      | Noticed a scorpion
  2670 | D:3      | Killed a scorpion
  2671 | D:3      | Reached XP level 5. HP: 30/47 MP: 1/7
  2875 | D:3      | Found a faded altar of an unknown god.
  2884 | D:3      | Noticed Jessica
  2889 | D:3      | Killed Jessica
  3455 | D:4      | Reached skill level 6 in Axes
  3613 | D:4      | Found a shadowy altar of Dithmenos.
  3614 | D:4      | Found a transporter.
  3615 | D:4      | Found a shimmering blue altar of Sif Muna.
  3615 | D:4      | Noticed a yak
  3621 | D:4      | Found a transporter.
  3990 | D:5      | Entered Level 5 of the Dungeon
  3994 | D:5      | Noticed a water moccasin
  4041 | D:5      | Noticed a water moccasin
  4045 | D:5      | Killed a water moccasin
  4046 | D:5      | Reached XP level 6. HP: 55/55 MP: 7/9
  4071 | D:5      | Reached skill level 5 in Fighting
  4179 | D:5      | Killed a water moccasin
  4180 | D:5      | Reached skill level 7 in Axes
  4180 | D:5      | Reached XP level 7. HP: 57/61 MP: 3/10
  4402 | D:4      | HP: 3/61 [gnoll sergeant (1)]
  5034 | D:4      | Found a shadowy altar of Dithmenos.
  5034 | D:4      | Found a shimmering blue altar of Sif Muna.
  5038 | D:4      | Found a transporter.
  5345 | D:4      | Found a transporter.
  5709 | D:5      | Reached skill level 5 in Fire Magic
  6017 | D:5      | Noticed Duvessa
  6017 | D:5      | Noticed Dowan
  6049 | D:4      | HP: 4/93 [poisoned by Duvessa]
  6049 | D:4      | Slain by Duvessa

Illustrated notes

Levels and vault maps discovered:
D:1:      dpeg_arrival_leaves_temple_mockup, layout_basic
D:2:      layout_basic
D:3:      layout_loops_ring, hellmonk_ecumenical_altar_crossroads, uniq_jessica
D:4:      layout_basic, gammafunk_temple_overflow_arena
D:5:      layout_cave_pools, uniq_duvessa

Skill      XL: |  1  2  3  4  5  6  7 |
---------------+----------------------+-----
Fighting       | 4 5 |  5.6
Axes           | 5 6 7 |  7.9
Fire Magic     | 4 5 |  5.1
Spellcasting   | 2 |  2.8

Action                   |  1- 3 |  4- 6 |  7- 9 || total
-------------------------+-------+-------+-------++-------
Melee: Hand axe          |    56 |    18 |    26 ||   100
 Cast: Scorch            |    19 |    29 |    37 ||    85
Evoke: Wand              |       |     3 |       ||     3
  Use: Scroll            |     1 |    10 |       ||    11
       Potion            |       |       |     3 ||     3
Armor: Robe              |    29 |     7 |     7 ||    43
Dodge: Dodged            |    66 |    20 |    58 ||   144

Table legend: (Time is in decaauts)
 A = Elapsed time spent in this place.
 B = Non-inter-level travel time spent in this place.
 C = Inter-level travel time spent in this place.
 D = Time resting spent in this place.
 E = Time spent auto-exploring this place.
 F = Levels seen in this place.
 G = Mean time per level.
                   A        B        C        D        E       F      G
               +--------+--------+--------+--------+--------+-----+--------+
         Total |   6053 |   5838 |    215 |    594 |   4580 |   5 | 1210.6 |
       Dungeon |   6053 |   5838 |    215 |    594 |   4580 |   5 | 1210.6 |
               +--------+--------+--------+--------+--------+-----+--------+

Top non-repeatable levels by time:
     D:4: 1629 daAuts
     D:3: 1352 daAuts
     D:2: 1332 daAuts
     D:1: 871 daAuts
     D:5: 867 daAuts
